[Event "Titled Tuesday Blitz December 20 Late 2022"]
[White "Figorito, Nick"]
[Black "Wieczorek, Oskar"]
[WhiteFideId "30923689"]
[BlackFideId "1133950"]
[WhiteElo "2412"]
[BlackElo "2415"]
[Result "0-1"]
[Round "01"]
[TimeControl "180+1"]
[Date "2022.12.21"]
[WhiteClock "0:01:14"]
[BlackClock "0:01:53"]

1. Nf3 c5 2. g3 g6 3. Bg2 Bg7 4. O-O Nc6 5. c4 e5 6. Nc3 Nge7 7. d3 O-O 8. Be3 d6 9. Qd2 Nd4 10. Bh6 Be6 11. Bxg7 Kxg7 12. Ne1 d5 13. cxd5 Nxd5 14. Nxd5 Bxd5 15. Bxd5 Qxd5 16. Nc2 Ne6 17. Ne3 Qd7 18. Qc3 Nd4 19. Rfe1 Rac8 20. Nc4 Rfe8 21. a4 h5 22. h4 Rc6 23. Ne3 f5 24. Nc2 f4 25. Nxd4 exd4 26. Qd2 fxg3 27. fxg3 Re3 28. Kh2 Qg4 0-1


[Site "https://www.chess.com"]

[Event "Titled Tuesday Blitz December 20 Late 2022"]
[White "Foerster-Yialamas, Lucas"]
[Black "Dimitrov, Atanas"]
[WhiteFideId "30901774"]
[BlackFideId "2901315"]
[WhiteElo "2067"]
[BlackElo "2620"]
[Result "0-1"]
[Round "01"]
[TimeControl "180+1"]
[Date "2022.12.21"]
[WhiteClock "0:01:41"]
[BlackClock "0:01:45"]

1. e4 c5 2. Nf3 d6 3. d4 cxd4 4. Nxd4 Nf6 5. Nc3 g6 6. f3 Bg7 7. Be3 Nc6 8. Qd2 Bd7 9. O-O-O O-O 10. h4 h5 11. Be2 Ne5 12. Bh6 Rc8 13. Nd5 Nxd5 14. exd5 Rc5 15. Bxg7 Kxg7 16. Rdg1 Rh8 17. g4 Nc4 18. Qe1 Nb6 19. gxh5 Rxh5 20. f4 Rhxd5 21. Nb3 Bf5 22. h5 Rxc2+ 23. Kb1 Rxe2+ 0-1


[Site "https://www.chess.com"]

[Event "Titled Tuesday Blitz December 20 Late 2022"]
[White "Forgacs, Attila Jr."]
[Black "Leitao, Rafael"]
[WhiteFideId "773654"]
[BlackFideId "2101246"]
[WhiteElo "2168"]
[BlackElo "2609"]
[Result "0-1"]
[Round "01"]
[TimeControl "180+1"]
[Date "2022.12.21"]
[WhiteClock "0:00:03"]
[BlackClock "0:00:19"]

1. e4 c5 2. d3 Nc6 3. g3 g6 4. Bg2 Bg7 5. f4 d6 6. Nf3 Nf6 7. Nc3 O-O 8. O-O Rb8 9. a4 a6 10. h3 b5 11. axb5 axb5 12. Be3 Nd7 13. Rb1 b4 14. Ne2 Bb7 15. Qd2 Ra8 16. g4 Ra2 17. b3 Qc7 18. f5 Nde5 19. Bh6 Nxf3+ 20. Bxf3 Rxc2 21. Qxc2 Bxh6 22. h4 Be3+ 23. Kg2 Ne5 24. Ng3 d5 25. Qe2 Bf4 26. Nh1 Rd8 27. Rbd1 Nc6 28. Qf2 Nd4 29. Rb1 Nb5 30. Bd1 Nc3 31. Ra1 g5 32. Bf3 dxe4 33. dxe4 Rd2 34. hxg5 Rxf2+ 35. Nxf2 Bxg5 36. Nh3 Bh4 0-1


[Site "https://www.chess.com"]

[Event "Titled Tuesday Blitz December 20 Late 2022"]
[White "Gasparyan, David"]
[Black "Indjic, Aleksandar"]
[WhiteFideId "13311980"]
[BlackFideId "911925"]
[WhiteElo "2450"]
[BlackElo "2616"]
[Result "1/2-1/2"]
[Round "01"]
[TimeControl "180+1"]
[Date "2022.12.21"]
[WhiteClock "0:00:08"]
[BlackClock "0:00:16"]

1. e4 c5 2. Nf3 e6 3. b3 Nc6 4. Bb2 d6 5. Nc3 Nf6 6. Be2 Nd4 7. O-O a6 8. Re1 b5 9. Bf1 Nxf3+ 10. Qxf3 Bb7 11. d3 Be7 12. Qg3 g5 13. Qxg5 Nxe4 14. Qf4 Nxc3 15. Bxc3 Rg8 16. g3 Bg5 17. Qg4 Kd7 18. Qh5 Qf8 19. Bg2 Bxg2 20. Kxg2 h6 21. Qf3 d5 22. Bb2 b4 23. a3 f5 24. axb4 cxb4 25. Bd4 Qd6 26. Ra5 Rac8 27. Rea1 Rc6 28. Qe2 Ra8 29. Be5 Qf8 30. d4 Qc8 31. Qh5 Be7 32. Qxh6 Rxc2 33. Qg7 Rc6 34. h4 Qf8 35. Qh7 Ke8 36. h5 Qf7 37. Qh8+ Qf8 38. Qxf8+ Kxf8 39. Rh1 Kg8 40. h6 Kh7 41. Ra2 Rc3 42. Re2 Rac8 43. Bg7 R8c6 44. Rhe1 Rxb3 45. Rxe6 Rxe6 46. Rxe6 Bg5 47. f4 Bd8 48. Rd6 Bc7 49. Rd7 Ba5 50. Bf8+ Kh8 51. Rxd5 Bb6 52. Bg7+ Kh7 53. Rd6 Ba5 54. Rxa6 Ra3 55. Bf8 Ra2+ 56. Kh3 b3 57. Ra7+ Kh8 58. h7 Bb6 59. Rb7 Bxd4 60. Bd6 b2 61. Be5+ Bxe5 62. fxe5 Ra5 63. Rxb2 Rxe5 64. Rb7 Re4 65. Kg2 Rd4 66. Kf3 Rc4 67. Rf7 Ra4 68. Rxf5 Kxh7 69. Rf4 Ra3+ 70. Kg4 Kg6 71. Rb4 Ra6 72. Rd4 Rb6 73. Kh4 Ra6 74. Rg4+ Kh6 75. Rg8 Ra4+ 76. g4 Ra6 77. g5+ Kh7 78. Rd8 Ra1 79. Rd7+ Kg6 80. Rd6+ Kg7 81. Rd4 Rh1+ 82. Kg4 Rg1+ 83. Kf5 Rf1+ 84. Ke5 Re1+ 85. Kf4 Rf1+ 86. Ke5 Re1+ 87. Kd5 Kg6 88. Re4 Rxe4 89. Kxe4 Kxg5 1/2-1/2


[Site "https://www.chess.com"]

[Event "Titled Tuesday Blitz December 20 Late 2022"]
[White "Gatterer, Florian"]
[Black "Korchmar, Vasiliy"]
[WhiteFideId "811688"]
[BlackFideId "24131750"]
[WhiteElo "2218"]
[BlackElo "2370"]
[Result "1-0"]
[Round "01"]
[TimeControl "180+1"]
[Date "2022.12.21"]
[WhiteClock "0:00:15"]
[BlackClock "0:00:03"]

1. b3 d5 2. Bb2 Bg4 3. h3 Bh5 4. g4 Bg6 5. Bg2 e6 6. Nf3 Nd7 7. d3 h6 8. Nbd2 Ngf6 9. O-O Bd6 10. Re1 O-O 11. e4 dxe4 12. dxe4 Bc5 13. Qe2 c6 14. Rad1 b5 15. Ne5 Nxe5 16. Bxe5 Nd7 17. Bg3 f6 18. Kh1 e5 19. Nf3 Qe7 20. Nh4 Bh7 21. Nf5 Qf7 22. c3 Rad8 23. Rd2 b4 24. Nd6 Bxd6 25. Rxd6 bxc3 26. Red1 Qe7 27. f3 Nc5 28. Rxd8 Rxd8 29. Rxd8+ Qxd8 30. Qc4+ Kh8 31. Qxc3 Qd1+ 32. Kh2 Nd3 33. Qxc6 Bg8 34. Qd7 a5 35. h4 Qe2 36. Qb5 Qd2 37. h5 Nf4 38. Bxf4 Qxf4+ 39. Kh3 Qd2 40. a3 f5 41. exf5 e4 42. fxe4 Qe3+ 43. Kh2 Qf4+ 44. Kh1 Qc1+ 45. Qf1 Qxa3 46. e5 Qxb3 47. f6 a4 48. fxg7+ Kxg7 49. Qf6+ 1-0


[Site "https://www.chess.com"]

[Event "Titled Tuesday Blitz December 20 Late 2022"]
[White "Gerbelli Neto, Eduardo"]
[Black "Migot, Tangi"]
[WhiteFideId "2103281"]
[BlackFideId "662445"]
[WhiteElo "2178"]
[BlackElo "2573"]
[Result "1-0"]
[Round "01"]
[TimeControl "180+1"]
[Date "2022.12.21"]
[WhiteClock "0:00:09"]
[BlackClock "0:00:24"]

1. e4 c5 2. Nc3 d6 3. f4 Nc6 4. Nf3 g6 5. Bc4 Bg7 6. O-O e6 7. d3 Nge7 8. Bb3 Na5 9. Qe1 Nxb3 10. axb3 O-O 11. Kh1 Bd7 12. Be3 Nc6 13. e5 dxe5 14. Bxc5 Re8 15. fxe5 b6 16. Bd6 Rc8 17. Ne4 Ne7 18. Bxe7 Rxe7 19. c3 Bc6 20. Nd6 Rcc7 21. d4 Red7 22. Ng5 h6 23. Nge4 Qa8 24. Qf2 Kh8 25. Nf6 Re7 26. Qg3 b5 27. b4 Qb8 28. Rf2 Rcd7 29. Raf1 Qc7 30. Ng4 Bd5 31. Qh4 h5 32. Ne3 Kg8 33. Qg5 Qb8 34. Nxd5 exd5 35. Rf4 Qf8 36. g4 Bh6 37. Qf6 Bg7 38. Qg5 Bh6 39. Qf6 Re6 40. Qh4 Bxf4 41. Rxf4 Qd8 42. Qf2 Qf8 43. gxh5 Qg7 44. h6 Qxh6 45. Rxf7 Qc1+ 46. Kg2 Qg5+ 47. Kh1 Qc1+ 48. Kg2 Qg5+ 49. Kh1 Rd8 50. Rg7+ Kxg7 51. Qf7+ Kh6 52. Qxe6 Qc1+ 53. Kg2 Qg5+ 54. Kh1 Rf8 55. Nf7+ Kg7 56. Nxg5 Rf1+ 57. Kg2 Rf8 58. Qe7+ Kg8 59. Qh7# 1-0


[Site "https://www.chess.com"]

[Event "Titled Tuesday Blitz December 20 Late 2022"]
[White "Goltsev, Dmitry"]
[Black "Flynn, Jacob"]
[WhiteFideId "24176710"]
[BlackFideId "2509393"]
[WhiteElo "2327"]
[BlackElo "2053"]
[Result "1-0"]
[Round "01"]
[TimeControl "180+1"]
[Date "2022.12.21"]
[WhiteClock "0:01:01"]
[BlackClock "0:00:53"]

1. e4 e5 2. Nf3 Nc6 3. Bb5 a6 4. Ba4 Nf6 5. O-O Be7 6. Re1 b5 7. Bb3 O-O 8. h3 d6 9. c3 Bb7 10. d4 Re8 11. Ng5 Rf8 12. Nf3 Re8 13. Nbd2 Bf8 14. Nf1 h6 15. Ng3 exd4 16. cxd4 Na5 17. Bc2 c5 18. d5 Nd7 19. Nf5 c4 20. Bf4 Ne5 21. Nxe5 dxe5 22. Be3 Bc8 23. Qg4 Kh7 24. Qf3 Nb7 25. Rad1 g6 26. Ng3 Nd6 27. Qe2 Bd7 28. f4 Bg7 29. f5 Rc8 30. Rf1 Qe7 31. Rf2 Bf6 32. Rdf1 Rf8 33. Qd2 Bg5 34. f6 Qd8 35. Bxg5 hxg5 36. Qxg5 Rh8 37. Qxe5 Be8 38. Qe7 Qb6 39. e5 Nb7 40. d6 Nc5 41. Kh2 Kg8 42. Bxg6 Nd3 43. Bxd3 cxd3 44. Rf4 1-0


[Site "https://www.chess.com"]

[Event "Titled Tuesday Blitz December 20 Late 2022"]
[White "Goncalves, Davi Sulzbacher"]
[Black "Arbunic Castro, Giovanna"]
[WhiteFideId "2154510"]
[BlackFideId "3400549"]
[WhiteElo "2182"]
[BlackElo "1958"]
[Result "1-0"]
[Round "01"]
[TimeControl "180+1"]
[Date "2022.12.21"]
[WhiteClock "0:00:09"]
[BlackClock "0:00:01"]

1. Nf3 Nf6 2. g3 g6 3. Bg2 Bg7 4. O-O O-O 5. c4 d6 6. d4 c5 7. Nc3 Nc6 8. d5 Na5 9. Nd2 a6 10. e4 Rb8 11. a4 Bd7 12. Qc2 e6 13. b3 exd5 14. exd5 b5 15. axb5 axb5 16. Nxb5 Bxb5 17. cxb5 Rxb5 18. Bb2 Qb8 19. Ra3 Qb7 20. Rfa1 Qb6 21. Bc3 Nb7 22. Qb2 Nh5 23. Bxg7 Nxg7 24. Ra6 Qd8 25. Ne4 f5 26. Ra8 Qe7 27. Nf6+ Kh8 28. Rxf8+ Qxf8 29. Re1 c4 30. Nd7 Qf7 31. Nf6 Rxb3 32. Qa2 Nc5 33. Qa8+ 1-0


[Site "https://www.chess.com"]

[Event "Titled Tuesday Blitz December 20 Late 2022"]
[White "Gonzalez, Francisco Silva"]
[Black "Ibarra Jerez, Jose Carlos"]
[WhiteFideId "1512285"]
[BlackFideId "2226332"]
[WhiteElo "2220"]
[BlackElo "2638"]
[Result "1/2-1/2"]
[Round "01"]
[TimeControl "180+1"]
[Date "2022.12.21"]
[WhiteClock "0:02:09"]
[BlackClock "0:00:19"]

1. d4 Nf6 2. c4 d6 3. Nc3 e5 4. d5 Nbd7 5. e4 Nc5 6. f3 a5 7. Be3 Nfd7 8. Nge2 Be7 9. Nc1 Bg5 10. Bf2 h5 11. h4 Bh6 12. Nd3 b6 13. Nb5 Ba6 14. Be2 O-O 15. b3 Nxd3+ 16. Bxd3 Nc5 17. Nc3 g6 18. g4 hxg4 19. fxg4 Bf4 20. g5 Kg7 21. Ne2 Nd7 22. Nxf4 exf4 23. Bd4+ Ne5 24. Qg4 f6 25. gxf6+ Qxf6 26. Bxe5 Qxe5 27. Kd2 Qb2+ 28. Bc2 Qd4+ 29. Bd3 Bc8 30. Qg5 Qb2+ 31. Bc2 Qd4+ 32. Bd3 Rf6 33. h5 Qb2+ 34. Bc2 Qd4+ 35. Bd3 Bd7 36. hxg6 Qb2+ 37. Bc2 Qd4+ 38. Bd3 Qb2+ 39. Bc2 Qd4+ 40. Bd3 1/2-1/2


[Site "https://www.chess.com"]

[Event "Titled Tuesday Blitz December 20 Late 2022"]
[White "Gritsenko, Nikolai"]
[Black "Fieberg, Samuel"]
[WhiteFideId "14112493"]
[BlackFideId "12901717"]
[WhiteElo "2389"]
[BlackElo "2400"]
[Result "1-0"]
[Round "01"]
[TimeControl "180+1"]
[Date "2022.12.21"]
[WhiteClock "0:00:12"]
[BlackClock "0:00:29"]

1. e4 e6 2. Nf3 d5 3. Nc3 Nf6 4. exd5 exd5 5. d4 Nc6 6. Bb5 Bd6 7. O-O O-O 8. Bxc6 bxc6 9. h3 h6 10. Re1 Bb7 11. Be3 Ne4 12. Qd3 f5 13. Ne5 f4 14. Bd2 Nxc3 15. Bxc3 Bxe5 16. Rxe5 f3 17. g3 Qf6 18. Rae1 Bc8 19. Bb4 Bf5 20. Rxf5 Qxf5 21. Bxf8 Qxh3 22. Qxf3 Rxf8 23. Qg2 Qf5 24. Re2 Rf6 25. Qf1 Kh7 26. Qe1 Qg4 27. c3 Rf5 28. Re5 Rxe5 29. Qxe5 Qd1+ 30. Kg2 Qc2 31. Qxc7 Qe4+ 32. Kh2 Qf3 33. Qf4 Qe2 34. Qf5+ Kh8 35. Kg2 Qxb2 36. Qc8+ Kh7 37. Qxc6 Qxa2 38. Qe6 Qc4 39. Qf5+ Kg8 40. Qe6+ Kf8 41. Qd6+ Ke8 42. Qb8+ Kf7 43. Qxa7+ Kg6 44. Qc5 Qb3 45. Qd6+ Kh7 46. Qe5 Qb7 47. Qe3 Qd7 48. Qd3+ g6 49. Qf3 h5 50. Qe3 Qb7 51. f3 Kg7 52. Kh3 Kh7 53. Kh4 Kg7 54. Kg5 Kh7 55. Qe5 Qf7 56. f4 Qg8 57. Qe7+ Kh8 58. Kh6 g5 59. Qf6+ 1-0


[Site "https://www.chess.com"]

[Event "Titled Tuesday Blitz December 20 Late 2022"]
[White "Gurevich, Dmitry"]
[Black "Carlsen, Magnus"]
[WhiteFideId "2000407"]
[BlackFideId "1503014"]
[WhiteElo "2506"]
[BlackElo "2830"]
[Result "0-1"]
[Round "01"]
[TimeControl "180+1"]
[Date "2022.12.20"]
[WhiteClock "0:00:19"]
[BlackClock "0:01:27"]

1. d4 Nf6 2. c4 e6 3. Nc3 Bb4 4. a3 Bxc3+ 5. bxc3 c5 6. e3 Nc6 7. Bd3 b6 8. Ne2 Ba6 9. Ng3 O-O 10. O-O Na5 11. Qe2 Rc8 12. e4 cxd4 13. Bg5 h6 14. Bxf6 Qxf6 15. e5 Qh4 16. cxd4 Bxc4 17. Ne4 Bxd3 18. Qxd3 Rc4 19. Rad1 Rfc8 20. f4 Rc2 21. f5 Qg4 22. Ng3 R8c3 23. Qa6 exf5 24. Rde1 Qxd4+ 25. Kh1 Qd5 26. Rg1 f4 27. Nf5 Kh7 28. Qf1 f3 0-1


[Site "https://www.chess.com"]

[Event "Titled Tuesday Blitz December 20 Late 2022"]
[White "Haydon, David L"]
[Black "Bas Mas, Jose Joaquin"]
[WhiteFideId "415405"]
[BlackFideId "22219064"]
[WhiteElo "2318"]
[BlackElo "2233"]
[Result "1-0"]
[Round "01"]
[TimeControl "180+1"]
[Date "2022.12.21"]
[WhiteClock "0:01:51"]
[BlackClock "0:00:33"]

1. d4 f5 2. Nf3 Nf6 3. c4 e6 4. Nc3 Bb4 5. Bd2 Bxc3 6. Bxc3 O-O 7. Qc2 b6 8. g3 Bb7 9. Bg2 d6 10. O-O Nbd7 11. d5 exd5 12. Nd4 Qe7 13. Nxf5 Qf7 14. Rad1 Ne4 15. Ne3 Ndf6 16. cxd5 Rae8 17. Bxf6 Nxf6 18. Rd4 Ba6 19. Ra4 Bb5 20. Rxa7 Re7 21. a4 Be8 22. Nf5 Rd7 23. e4 Nxd5 24. exd5 Qxf5 25. Qxf5 Rxf5 26. Bh3 Rxd5 27. Be6+ 1-0


[Site "https://www.chess.com"]

[Event "Titled Tuesday Blitz December 20 Late 2022"]
[White "Herman, Daniel"]
[Black "Hambleton, Aman"]
[WhiteFideId "30935008"]
[BlackFideId "2606577"]
[WhiteElo "1897"]
[BlackElo "2538"]
[Result "0-1"]
[Round "01"]
[TimeControl "180+1"]
[Date "2022.12.21"]
[WhiteClock "0:00:01"]
[BlackClock "0:00:03"]

1. c4 c5 2. Nf3 b6 3. g3 Bb7 4. Bg2 Nf6 5. O-O e6 6. Nc3 a6 7. d4 cxd4 8. Qxd4 d6 9. Be3 Nbd7 10. Rad1 Be7 11. b4 O-O 12. h3 Rc8 13. Rc1 e5 14. Qd2 Rxc4 15. Nh4 Bxg2 16. Kxg2 Qa8+ 17. Kh2 Rfc8 18. Nf5 Bf8 19. a3 d5 20. Bg5 d4 21. Bxf6 Nxf6 22. Qg5 Qb7 23. Na2 b5 24. h4 Ne4 25. Qg4 g6 26. h5 Nf6 27. Qg5 Nxh5 28. Nh4 Be7 29. Qg4 Bxh4 30. Qxh4 Kg7 0-1


[Site "https://www.chess.com"]

[Event "Titled Tuesday Blitz December 20 Late 2022"]
[White "Hoffmann, Asa"]
[Black "Han, Yichen"]
[WhiteFideId "2001470"]
[BlackFideId "1054430"]
[WhiteElo "2117"]
[BlackElo "2323"]
[Result "0-1"]
[Round "01"]
[TimeControl "180+1"]
[Date "2022.12.21"]
[WhiteClock "0:00:17"]
[BlackClock "0:00:39"]

1. d4 Nf6 2. Bg5 b6 3. f3 d5 4. c4 e6 5. Nc3 Bb7 6. e3 Nbd7 7. Bd3 h6 8. Bh4 Bb4 9. Qa4 Be7 10. Nge2 O-O 11. O-O a6 12. cxd5 exd5 13. Rac1 c5 14. Qd1 c4 15. Bb1 b5 16. e4 b4 17. Nxd5 Nxd5 18. exd5 Bxh4 19. Rxc4 a5 20. Be4 Nb6 21. Rc5 Rc8 22. Nf4 Bg5 23. Nh3 Rxc5 24. dxc5 Nxd5 25. Nxg5 Qxg5 26. Qe2 Nf4 27. Qc2 Bxe4 28. fxe4 Ne6 29. c6 Qc5+ 30. Qxc5 Nxc5 31. Rc1 Nxe4 32. c7 Rc8 33. Rc4 Nf6 34. Rc5 a4 35. h3 Ne8 36. Rb5 Rxc7 37. Rxb4 Rc2 38. Rxa4 Rxb2 39. Ra8 Kf8 40. a4 Ra2 41. a5 Ke7 42. a6 Nd6 43. Kh2 Nb5 44. Rb8 Nc7 45. Rb7 Kd7 46. a7 Kc6 47. Rb2 Rxa7 48. Rf2 Ne6 49. g4 Kd6 50. Kg3 Ra3+ 51. Kh4 Ng5 52. Kh5 Rxh3# 0-1


[Site "https://www.chess.com"]

[Event "Titled Tuesday Blitz December 20 Late 2022"]
[White "Holt, Conrad"]
[Black "Kirillov, Dmitry"]
[WhiteFideId "2034387"]
[BlackFideId "34180572"]
[WhiteElo "2592"]
[BlackElo "2111"]
[Result "1/2-1/2"]
[Round "01"]
[TimeControl "180+1"]
[Date "2022.12.21"]
[WhiteClock "0:00:20"]
[BlackClock "0:00:11"]

1. d4 d5 2. c4 e6 3. Nc3 c6 4. e3 f5 5. g4 fxg4 6. Qxg4 Nf6 7. Qg2 Nbd7 8. Bd3 b6 9. Nf3 Ba6 10. Qh3 Qe7 11. Ng5 dxc4 12. Be4 Nxe4 13. Ncxe4 e5 14. Ne6 Nf6 15. Nxf6+ gxf6 16. dxe5 Bc8 17. Qh5+ Kd7 18. Nxf8+ Rxf8 19. Bd2 fxe5 20. O-O-O Kc7 21. Bc3 Bf5 22. e4 Bxe4 23. Rhe1 Bd3 24. Rxe5 Qd7 25. Qh4 Rae8 26. b3 Rf5 27. Rxe8 Qxe8 28. bxc4 Rf3 29. Qd4 Bg6 30. Qg7+ Qf7 31. Qd4 Qe7 32. Kb2 c5 33. Qe5+ Qxe5 34. Bxe5+ Kc6 35. Bg3 Rf6 36. Rd8 a5 37. Rc8+ Kb7 38. Rb8+ Ka6 39. Rd8 Bf7 40. Kc3 Rf3+ 41. Rd3 Rf5 42. a3 Rg5 43. h3 h5 44. Rf3 Be6 45. h4 Rg4 46. Rf4 Rxf4 47. Bxf4 b5 48. cxb5+ Kxb5 49. Bc7 Ka4 50. Kb2 Kb5 51. Bd8 a4 52. Kc3 Bf5 53. Be7 Kc6 54. Kc4 Be6+ 55. Kd3 Kd5 56. Ke3 Bf5 57. Kf4 Bg6 58. Kg5 Be8 59. Kf6 Ke4 60. Bxc5 Kf3 61. Kg5 Bf7 62. Be3 Be8 63. Kf6 Kg4 64. Ke7 Bg6 65. Bg5 Kf3 66. Kf6 Be8 67. Be3 Kg4 68. Ke7 Bg6 69. Bg5 Kf3 70. Kd6 Kxf2 71. Kc5 Kf3 72. Kb5 Bc2 73. Kc4 Bb3+ 74. Kc3 Kg4 75. Kb4 Kf3 76. Bf6 Kg4 77. Bg5 Kf3 78. Be7 Kg4 79. Bg5 1/2-1/2


[Site "https://www.chess.com"]

[Event "Titled Tuesday Blitz December 20 Late 2022"]
[White "Horvath, Dominik"]
[Black "Melikhov, Evgeny V."]
[WhiteFideId "1642561"]
[BlackFideId "4122046"]
[WhiteElo "2405"]
[BlackElo "2169"]
[Result "1/2-1/2"]
[Round "01"]
[TimeControl "180+1"]
[Date "2022.12.21"]
[WhiteClock "0:01:22"]
[BlackClock "0:00:10"]

1. e4 e5 2. Nc3 Nf6 3. d4 exd4 4. Qxd4 Nc6 5. Qd3 d5 6. Bf4 dxe4 7. Qxd8+ Nxd8 8. Bxc7 Bb4 9. O-O-O Nc6 10. Nge2 Bg4 11. a3 Bxc3 12. bxc3 O-O 13. h3 Bxe2 14. Bxe2 Rac8 15. Bf4 Rfd8 16. g4 Nd5 17. Bg5 Nxc3 18. Bxd8 Nxd1 19. Rxd1 Rxd8 20. Rxd8+ Nxd8 21. Kd2 Ne6 22. Ke3 Nc5 23. Kd4 b6 24. Bc4 Kf8 25. Bd5 Ke7 26. Bxe4 Nxe4 27. Kxe4 Kd6 28. Kd4 g5 29. c3 b5 30. c4 bxc4 31. Kxc4 Kc6 32. Kd4 Kb5 33. Kc3 Ka4 34. Kb2 Kb5 35. Kb3 Kc5 36. Ka4 Kb6 37. Kb4 a6 38. Kc4 Kc6 39. Kd4 Kb5 40. Kc3 Kc5 41. Kb3 Kb5 42. Kc3 Kc5 43. Kd3 Kb5 44. Kc3 1/2-1/2


[Site "https://www.chess.com"]

[Event "Titled Tuesday Blitz December 20 Late 2022"]
[White "Ibadov, Dashgyn"]
[Black "Milikow, Yoav"]
[WhiteFideId "24107514"]
[BlackFideId "2822237"]
[WhiteElo "2208"]
[BlackElo "2416"]
[Result "0-1"]
[Round "01"]
[TimeControl "180+1"]
[Date "2022.12.21"]
[WhiteClock "0:00:02"]
[BlackClock "0:00:15"]

1. e4 e6 2. d4 d5 3. Bd3 dxe4 4. Bxe4 Nf6 5. Bf3 c5 6. Ne2 Nc6 7. Be3 cxd4 8. Nxd4 Ne5 9. O-O Be7 10. Nc3 O-O 11. Re1 a6 12. a4 Bb4 13. Be2 Nd5 14. Bd2 Bc5 15. Nxd5 Qxd5 16. Be3 Bd7 17. c3 Rad8 18. Qc2 Bxd4 19. Bxd4 Bc6 20. f3 Ng6 21. Rad1 Qg5 22. Kh1 Nh4 23. Bf1 Nxf3 24. gxf3 Bxf3+ 25. Bg2 Bxd1 26. Rxd1 e5 27. Bg1 Rxd1 28. Qxd1 Rd8 29. Qe2 Rd2 30. Qe4 Rxb2 31. h3 g6 32. a5 Qg3 33. c4 h5 34. c5 Kh7 35. Qd5 Kg7 36. Qe4 Kh7 37. Qd5 Qf4 38. c6 bxc6 39. Qxc6 Rb1 40. Qf3 Qxf3 41. Bxf3 Ra1 42. Kg2 Rxa5 43. h4 f5 44. Bc6 Ra3 45. Bf2 a5 46. Kf1 g5 47. Ke2 Kg6 48. hxg5 Kxg5 49. Be1 h4 50. Bd2+ f4 51. Bc1 Rc3 52. Bd2 Rxc6 0-1


[Site "https://www.chess.com"]

[Event "Titled Tuesday Blitz December 20 Late 2022"]
[White "Itkis, Boris"]
[Black "Poliakova, Varvara"]
[WhiteFideId "1209167"]
[BlackFideId "13518313"]
[WhiteElo "2216"]
[BlackElo "2075"]
[Result "0-1"]
[Round "01"]
[TimeControl "180+1"]
[Date "2022.12.21"]
[WhiteClock "0:00:02"]
[BlackClock "0:00:26"]

1. c4 e5 2. Nf3 e4 3. Nd4 c5 4. Nb5 a6 5. N5c3 Nf6 6. Qc2 Qe7 7. g3 b6 8. Bg2 Bb7 9. O-O Qe5 10. b3 Nc6 11. Bb2 Nd4 12. Qd1 Qh5 13. h3 Bd6 14. Na3 O-O 15. Nc2 Bc6 16. Nxd4 cxd4 17. Na4 Be5 18. Nxb6 Rae8 19. e3 dxe3 20. Qxh5 exf2+ 21. Rxf2 Nxh5 22. Bxe5 Rxe5 23. d4 Rg5 24. g4 e3 25. Rc2 Nf4 26. Bxc6 dxc6 27. Kh2 h5 28. Kg3 Ne6 29. d5 Nd4 30. Rg2 hxg4 31. hxg4 e2 32. Kf4 Rg6 33. Ke3 Nc2+ 34. Kxe2 Nxa1 35. Kd2 f5 36. g5 f4 37. Nd7 Rf5 38. dxc6 Rxc6 39. Kd3 Rd6+ 40. Ke4 Ra5 41. Ne5 Re6 42. c5 Rxc5 43. Kd4 0-1


[Site "https://www.chess.com"]

[Event "Titled Tuesday Blitz December 20 Late 2022"]
[White "Izeta Txabarri, Felix"]
[Black "ChessBrah"]
[WhiteFideId "2200260"]
[WhiteElo "2461"]
[BlackElo "2881"]
[Result "0-1"]
[Round "01"]
[TimeControl "180+1"]
[Date "2022.12.21"]
[WhiteClock "0:00:02"]
[BlackClock "0:00:13"]

1. d4 Nf6 2. Nf3 e6 3. c4 d5 4. Nc3 Be7 5. Bg5 O-O 6. e3 Nbd7 7. Rc1 c6 8. Bd3 dxc4 9. Bxc4 b6 10. O-O Bb7 11. e4 h6 12. Bf4 Rc8 13. Re1 b5 14. Bb3 b4 15. Na4 Qa5 16. h3 Rfd8 17. Qe2 c5 18. dxc5 Nxc5 19. Nxc5 Bxc5 20. Nd2 Ba6 21. Nc4 Qb5 22. Qf3 Be7 23. Ne5 Bb7 24. Rxc8 Rxc8 25. Bg3 Rd8 26. Bc4 Qc5 27. b3 a5 28. Nd3 Qc6 29. Ne5 Qb6 30. Ng4 Nh7 31. Be5 h5 32. Nh6+ gxh6 33. Qg3+ Ng5 34. h4 Qc5 35. hxg5 hxg5 0-1


[Site "https://www.chess.com"]

[Event "Titled Tuesday Blitz December 20 Late 2022"]
[White "Jarmula, Lukasz"]
[Black "Marchesich, Giovanni"]
[WhiteFideId "1160664"]
[BlackFideId "2824790"]
[WhiteElo "2357"]
[BlackElo "2200"]
[Result "1-0"]
[Round "01"]
[TimeControl "180+1"]
[Date "2022.12.21"]
[WhiteClock "0:02:43"]
[BlackClock "0:02:29"]

1. b3 a5 2. Bb2 a4 3. bxa4 Rxa4 4. Nf3 Nf6 5. e3 g6 6. c4 Bg7 7. Qxa4 O-O 8. Be2 Nc6 9. O-O d6 10. d4 Bd7 11. Qd1 Ne4 12. Nc3 f5 13. Nxe4 fxe4 14. Nd2 e5 15. Nxe4 Qh4 16. Ng3 Bh6 17. dxe5 Rd8 18. Qd5+ 1-0


[Site "https://www.chess.com"]

[Event "Titled Tuesday Blitz December 20 Late 2022"]
[White "Jarocka, Liwia"]
[Black "Skvortsov, Andrei"]
[WhiteFideId "21807558"]
[BlackFideId "24108600"]
[WhiteElo "1989"]
[BlackElo "2285"]
[Result "0-1"]
[Round "01"]
[TimeControl "180+1"]
[Date "2022.12.21"]
[WhiteClock "0:00:04"]
[BlackClock "0:00:14"]

1. e4 d5 2. exd5 Qxd5 3. Nf3 Bg4 4. Be2 Nc6 5. h3 Bxf3 6. Bxf3 Qe5+ 7. Be2 Nd4 8. c3 Nxe2 9. Qxe2 Qxe2+ 10. Kxe2 e5 11. d3 O-O-O 12. Be3 Ne7 13. Nd2 Nd5 14. Nc4 f6 15. Rhd1 a6 16. a4 Kb8 17. d4 e4 18. g4 h5 19. Rh1 Be7 20. Nd2 Rde8 21. Nxe4 Bd8 22. Kf3 Re7 23. Ng3 hxg4+ 24. hxg4 Rg8 25. Rae1 Nb6 26. b3 Kc8 27. Bd2 g6 28. Rxe7 Bxe7 29. Rh7 Bd8 30. Ne4 Nd5 31. Nc5 f5 32. gxf5 gxf5 33. Rf7 Ne7 34. Ne6 Ng6 35. Nxd8 Kxd8 36. Bg5+ Kc8 37. Rxf5 Nf8 38. Ke2 Kd7 39. f4 Ne6 40. Rf7+ Kd6 41. Kd3 b5 42. axb5 axb5 43. Rf5 c6 44. Ke4 Re8 45. Re5 Rh8 46. Kf5 Nc7 47. Be7+ Kd7 48. Bc5 Rh3 49. Bb4 Nd5 50. Kg4 Rh1 51. f5 Rg1+ 52. Kh5 Nf6+ 53. Kh4 Nd5 54. Bc5 Rf1 55. c4 bxc4 56. bxc4 Nf4 57. Kg5 Nd3 58. Re7+ Kd8 59. Kf6 Nb2 60. Re6 Kd7 61. Rd6+ Kc7 62. d5 cxd5 63. cxd5 Nd3 64. Rc6+ Kd7 65. Rd6+ Kc7 66. Rc6+ Kd7 67. Bd4 Nf4 68. Ke5 Nd3+ 69. Ke4 Nb4 70. Rb6 Re1+ 71. Kf3 Nxd5 72. Rb5 Kc6 73. Rc5+ Kd6 74. Ra5 Rd1 75. Ra6+ Kd7 76. Ke4 Nc7 77. Ra7 Re1+ 78. Kd3 Kc6 79. f6 Rf1 80. Be5 Ne6 81. Ke4 Nc5+ 82. Ke3 Kd5 83. Bc3 Kc4 84. Rc7 Kd5 85. Rxc5+ Kxc5 86. Be5 Kd5 87. Bf4 Ke6 88. Bg5 Rf5 89. Bh4 Rh5 90. Bg3 Rh3 91. Kf4 Rh7 92. Kg4 Kxf6 93. Bh4+ Ke5 94. Bg3+ Ke4 95. Bh4 Rg7+ 96. Bg5 Rg8 97. Kh5 Kf5 98. Be3 Rg3 99. Bg5 Rh3+ 100. Bh4 Rh1 101. Kh6 Rxh4+ 0-1


[Site "https://www.chess.com"]

[Event "Titled Tuesday Blitz December 20 Late 2022"]
[White "Jumabayev, Rinat"]
[Black "Jimenez Almeida, Luis David"]
[WhiteFideId "13702661"]
[BlackFideId "22242244"]
[WhiteElo "2584"]
[BlackElo "2158"]
[Result "0-1"]
[Round "01"]
[TimeControl "180+1"]
[Date "2022.12.20"]
[WhiteClock "0:00:03"]
[BlackClock "0:00:13"]

1. e4 Nf6 2. e5 Nd5 3. Nf3 d6 4. d4 Bg4 5. Be2 e6 6. O-O Be7 7. c4 Nb6 8. exd6 cxd6 9. h3 Bh5 10. Nc3 O-O 11. b3 N8d7 12. Be3 Rc8 13. Rc1 Qc7 14. a4 Nf6 15. a5 Nbd7 16. b4 Rfd8 17. Nd2 Bg6 18. Qa4 a6 19. Rfd1 Qb8 20. b5 axb5 21. cxb5 Qa8 22. Nc4 d5 23. Ne5 Nxe5 24. dxe5 Nd7 25. f4 Bc5 26. Bd4 b6 27. a6 Rc7 28. Bf1 Rdc8 29. Ne2 Be4 30. Qa1 h6 31. Kh2 Qa7 32. Nc3 Bg6 33. Na4 Bxd4 34. Qxd4 Rxc1 35. Rxc1 Rxc1 36. Be2 Nc5 37. Qe3 Rc2 38. Nc3 Qc7 39. Bd1 Rb2 40. Bg4 Ne4 41. Na4 Rxb5 42. Be2 Ra5 43. Nxb6 Qc5 44. Qb3 Ra3 45. Nd7 Rxb3 46. Nxc5 Nxc5 0-1


[Site "https://www.chess.com"]